 Dungeon Crawl Stone Soup version 0.20.1-1-g8b1a95d (webtiles) character file.

172 esteth the Covert (level 5, -10/35 HPs)
             Began as a Vampire Enchanter on Oct 15, 2017.
             Killed by divine providence
             ... invoked by an orc priest
              (17 damage)
             ... on level 3 of the Dungeon.
             The game lasted 00:09:33 (3607 turns).

esteth the Covert (Vampire Enchanter)               Turns: 3607, Time: 00:09:34

Health: -10/35     AC:  2    Str:  8    XL:     5   Next: 27%
Magic:  3/8        EV: 12    Int: 18    God:
Gold:   104        SH:  0    Dex: 14    Spells: 5/8 levels left

rFire    . . .     SeeInvis +   l - +1 short sword (venom)
rCold    + . .     Gourm    .   (no shield)
rNeg     + + .     Faith    .   b - +0 robe
rPois    +         Spirit   .   (no helmet)
rElec    .         Reflect  .   (no cloak)
rCorr    .         Harm     .   (no gloves)
MR       .....                  (no boots)
Stlth    +++++.....             (no amulet)
Regen    0.1/turn               (no ring)
MPRegen  0.2/turn               (no ring)

@: very slightly contaminated, regenerating slowly, slowed, very slow
A: fangs 3, see invisible, unbreathing
a: Bat Form


You were on level 3 of the Dungeon.
You were very thirsty.

You visited 1 branch of the dungeon, and saw 3 of its levels.

You collected 104 gold pieces.

Inventory:

Hand Weapons
 a - a +1 dagger
 l - a +1 short sword of venom (weapon)
Armour
 b - a +0 robe (worn)
Scrolls
 g - 3 scrolls of identify {unknown}
 i - a scroll of random uselessness {unknown}
 k - a scroll of remove curse {unknown}
 o - a scroll of recharging {unknown}
 q - a scroll of amnesia {unknown}
 s - a scroll of fear {unknown}
Potions
 d - 12 potions of blood
 f - 2 potions of heal wounds {unknown}
 h - a potion of brilliance {unknown}
 j - a potion of flight {unknown}
 m - a potion of degeneration {unknown}
 n - a potion of experience {unknown}
 p - a potion of haste {unknown}
 r - a potion of lignification {unknown}
Books
 c - a book of Maledictions

   Spells                             Type                      Level
   a - Corona                         Hexes                        1
   b - Ensorcelled Hibernation        Hexes/Ice                    2
   c - Confuse                        Hexes                        3
   d - Tukima's Dance                 Hexes                        3
   e - Dazzling Spray                 Conjuration/Hexes            3


   Skills:
 - Level 1.3 Short Blades
 - Level 2.1 Dodging
 + Level 9.0 Stealth
 - Level 2.1 Spellcasting
 - Level 4.5 Hexes


You had 5 spell levels left.
You knew the following spells:

 Your Spells              Type           Power        Failure   Level  Hunger
a - Corona                Hex            ###....      2%          1    #......
b - Ensorcelled Hibernat  Hex/Ice        ##....       11%         2    ###....


Dungeon Overview and Level Annotations

Branches:
Dungeon (3/15)

Altars:
Gozag


Innate Abilities, Weirdness & Mutations

You heal slowly.
You have razor-sharp teeth.
You have supernaturally acute eyesight. (SInv)
You can survive without breathing.


Message History

The orc priest invokes the aid of Beogh against you.
Beogh smites you!
* * * LOW HITPOINT WARNING * * *
The orc wizard hits you but does no damage.
You feel better.
The orc wizard looks more healthy.
The bat barely misses you. The orc wizard barely misses you.
The orc priest calls upon Beogh to heal the orc wizard.
The orc wizard's wounds heal themselves!
The orc priest closely misses you. The orc wizard hits you with a dagger.
The orc priest hits you with a dagger.
You barely miss the orc priest. The bat hits you but does no damage.
The orc wizard hits you with a dagger.
* * * LOW HITPOINT WARNING * * *
The orc priest hits you.
* * * LOW HITPOINT WARNING * * *
The orc priest hits you but does no damage.
The orc wizard barely misses you.
The orc priest calls down the wrath of Beogh upon you.
Beogh smites you!
You die...

#....### #.#..#...#
#.#....#.#####
#.#.####.##... #.#.#
#.##.## ####.#.#
#.##.# ##b##...#
#.##.#
##o....#.####.##.##
#.@o...............
#....o....######.#.#.
###.....#.##...).....
##...##.##.###.###.
....###.##. #.....
###### #.##. #####.
#o##. ##.. #.##. #.#.
#. ##.#


You could see 2 orc priests, an orc wizard and a bat.

Vanquished Creatures
  An orc priest (D:3)
  6 adders
  An ooze (D:1)
  3 worms (D:2)
  2 dart slugs
  3 leopard geckos
  4 orcs
  A ball python (D:3)
  6 bats
  3 giant cockroaches
  9 goblins
  4 hobgoblins
  3 jackals (D:2)
  A quokka (D:3)
  7 frilled lizards
  8 kobolds
  7 rats
69 creatures vanquished.

Notes
Turn   | Place    | Note
-------+----------+-------------------------------------------
     0 | D:1      | esteth the Vampire Enchanter began the quest for the Orb.
     0 | D:1      | Reached XP level 1. HP: 13/13 MP: 3/3
   273 | D:1      | Reached XP level 2. HP: 15/19 MP: 5/5
   309 | D:1      | Reached skill level 5 in Stealth
   429 | D:1      | Learned a level 2 spell: Ensorcelled Hibernation
   789 | D:1      | Reached skill level 6 in Stealth
   816 | D:1      | Reached XP level 3. HP: 20/24 MP: 3/6
  1377 | D:2      | Reached skill level 7 in Stealth
  1762 | D:2      | Reached XP level 4. HP: 30/30 MP: 7/7
  1770 | D:2      | Found an opulent altar of Gozag.
  2137 | D:2      | Reached skill level 8 in Stealth
  2975 | D:3      | Reached XP level 5. HP: 8/35 MP: 8/8
  3526 | D:3      | Reached skill level 9 in Stealth
  3607 | D:3      | Killed from afar by an orc priest

Skill      XL: |  1  2  3  4  5 |
---------------+----------------+-----
Stealth        | 6 7 8 9 |  9.0
Short Blades   | |  1.3
Dodging        | |  2.1
Spellcasting   | |  2.1
Hexes          | |  4.5

Action                   |  1- 3 |  4- 6 || total
-------------------------+-------+-------++-------
Melee: Dagger            |    42 |       ||    42
       Bite              |     2 |     5 ||     7
       Short sword       |    30 |    71 ||   101
 Cast: Ensorcelled Hiber |     9 |     3 ||    12
  Use: Potion            |     1 |     4 ||     5
 Stab: Sleeping          |    25 |    12 ||    37
Armor: Robe              |     6 |    24 ||    30
Dodge: Dodged            |    20 |    55 ||    75
